 Dungeon Crawl Stone Soup version 0.17-a0-18-gc25b939 (webtiles) character file.

554 Herrn the Bolt Thrower (level 7, -1/42 HPs)
             Began as a Tengu Hunter on Mar 12, 2015.
             Slain by an orc warrior
             ... wielding a +0 long sword of flaming
              (11 damage)
             ... on level 3 of the Dungeon.
             The game lasted 00:20:59 (5978 turns).

Herrn the Bolt Thrower (Tengu Hunter)               Turns: 5978, Time: 00:20:59

Health: -1/42      AC:  9    Str: 14    XL:     7   Next: 30%
Magic:  9/9        EV:  8    Int: 11    God:
Gold:   213        SH:  0    Dex: 19    Spells: 0 memorised, 6 levels left

rFire  . . .     SeeInvis .     b - +1 hand crossbow
rCold  . . .     Clarity  .     h - +0 chain mail
rNeg   . . .     SustAb   .     (no shield)
rPois  .         Gourm    .     (helmet restricted)
rElec  .         Spirit   .     (no cloak)
rCorr  .         Warding  .     (no gloves)
rMut   .         Stasis   .     (boots unavailable)
MR     .....                    D - amulet of faith
Stlth  ..........               (no ring)
                                z - +4 ring of dexterity

@: very slightly contaminated, hasted, very quick, not resistant to hostile
enchantments, extremely unstealthy
A: able to fly, beak, talons 3
a: Fly


You were on level 3 of the Dungeon.
You were hungry.

You visited 1 branch of the dungeon, and saw 4 of its levels.
You also visited: Sewer.

You collected 213 gold pieces.

Inventory:

Hand weapons
 a - a +0 short sword
 b - a +1 hand crossbow (weapon)
 e - a -1 hand axe
Missiles
 c - 30 bolts (quivered)
Armour
 h - a +0 chain mail (worn)
 s - a +1 animal skin
Jewellery
 z - a +4 ring of dexterity (left hand)
 D - an amulet of faith (around neck)
Scrolls
 i - 4 scrolls of teleportation {unknown}
 m - 2 scrolls of fog
 p - a scroll of blinking
 r - 3 scrolls of amnesia
 t - a scroll of fear {unknown}
 w - a scroll of recharging {unknown}
 y - a scroll of enchant armour {unknown}
 B - a scroll of enchant weapon {unknown}
Potions
 d - 4 potions of heal wounds
 j - 3 potions of haste
 l - 2 potions of resistance
 n - 2 potions of brilliance {unknown}
 o - a potion of cancellation {unknown}
 q - 2 potions of curing {unknown}
 u - 2 potions of flight {unknown}
 x - 2 potions of mutation {unknown}
Books
 A - a Fen Folio

   Spells                             Type                      Level
   a - Corpse Rot                     Necromancy                   2
   b - Stone Arrow                    Conjuration/Earth            3
   c - Leda's Liquefaction            Hexes/Earth                  4
   d - Summon Forest                  Summoning/Translocation      5
   e - Hydra Form                     Transmutation                6
   f - Summon Hydra                   Summoning                    7
Comestibles
 f - 2 bread rations
 k - 3 meat rations
 C - a beef jerky


   Skills:
 * Level 3.7 Fighting
 * Level 3.8 Axes
 + Level 5.4 Crossbows
 + Level 3.9 Armour
 + Level 3.8 Dodging
 - Level 1.0 Stealth


You had 6 spell levels left.
You didn't know any spells.

Dungeon Overview and Level Annotations

Branches:
Dungeon (4/15)
 Temple: D:4-7

Altars:
Zin
The Shining One

Shops:
D:3 *

Annotations:
D:4 braks' ghost, average FoFi


Innate Abilities, Weirdness & Mutations

You can fly.
You have a beak for a mouth.
You have claws for feet.


Message History

Aim: an orc warrior, wielding a long sword of flaming and wearing a plate armour (heavily wounded)
You shoot a bolt. The bolt hits the orc warrior!
The orc warrior is severely wounded.
Firing (i - inventory):
c - 32 bolts (quivered)
Press: ? - help, Shift-Dir - straight line, f/p - orc warrior
Aim: an orc warrior, wielding a long sword of flaming and wearing a plate armour (severely wounded)
You shoot a bolt.
The bolt hits the orc warrior but does no damage.
The orc warrior is severely wounded.
The orc warrior hits you with a long sword of flaming!!
The orc warrior burns you!
* * * LOW HITPOINT WARNING * * *
Firing (i - inventory):
c - 31 bolts (quivered)
Press: ? - help, Shift-Dir - straight line, f/p - orc warrior
Aim: an orc warrior, wielding a long sword of flaming and wearing a plate armour (severely wounded)
You shoot a bolt.
The bolt hits the orc warrior but does no damage.
The orc warrior is severely wounded.
The orc warrior hits you with a long sword of flaming!
You die...

##.# #.######
#(# #.# #(# #.#
#.# #.######
#.# #.......
#.# ########
#(# #o# #@# #.#
########### #.#
#.........####
#.#
#.............
#.#
#.........####
#.###.........#
#.............#
#####.........#
#.........#


You could see an orc warrior.

Vanquished Creatures
  An ogre (D:4)
  A hound (D:4)
  2 orc priests (D:4)
  2 worker ants
  2 orc wizards (D:4)
  Robin (D:2)
  A river rat (D:3)
  3 adders
  3 gnolls (D:3)
  7 giant mites
  3 worms (Sewer)
  3 giant geckos
  5 oozes
  5 orcs
  4 giant cockroaches
  25 goblins
  11 hobgoblins
  13 jackals
  8 kobolds
  3 quokkas
  4 ball pythons
  10 bats
  3 giant newts
  A jackal skeleton (D:4)
  30 rats
151 creatures vanquished.

Notes
Turn   | Place    | Note
--------------------------------------------------------------
     0 | D:1      | Herrn, the Tengu Hunter, began the quest for the Orb.
     0 | D:1      | Reached XP level 1. HP: 12/12 MP: 1/1
   167 | D:1      | You fall through a shaft!
   180 | D:2      | Reached XP level 2. HP: 18/18 MP: 3/3
   433 | D:1      | Reached XP level 3. HP: 18/22 MP: 4/4
   719 | D:1      | Reached skill level 5 in Crossbows
  1484 | D:2      | Reached skill level 1 in Axes
  1535 | D:2      | Reached skill level 1 in Armour
  1536 | D:2      | Noticed Robin
  1548 | D:2      | Killed Robin
  1548 | D:2      | Reached XP level 4. HP: 20/27 MP: 5/5
  2027 | D:3      | Reached XP level 5. HP: 8/32 MP: 7/7
  2089 | D:3      | Found a glowing golden altar of the Shining One.
  2244 | D:3      | Found a glowing drain.
  2285 | Sewer    | Entered a sewer
  3006 | Sewer    | Reached XP level 6. HP: 28/37 MP: 8/8
  3855 | D:3      | Found Zin's Purification Station.
  3855 | D:3      | Found a glowing silver altar of Zin.
  4159 | D:4      | Reached XP level 7. HP: 35/41 MP: 9/9
  4184 | D:4      | Noticed braks' ghost (average FoFi)
  5978 | D:3      | Slain by an orc warrior

Action                   |  1- 3 |  4- 6 |  7- 9 || total
-------------------------+-------+-------+-------++-------
Melee: Short sword       |    83 |    78 |       ||   161
       Hand axe          |    32 |   163 |    49 ||   244
 Fire: Hand crossbow     |     6 |    81 |    44 ||   131
 Abil: Fly               |       |     1 |     4 ||     5
  Use: Scroll            |     4 |     1 |     2 ||     7
       Potion            |     1 |       |     2 ||     3
  Eat: Chunk             |     1 |     9 |     4 ||    14
       Fruit             |       |       |     3 ||     3
